 Dungeon Crawl Stone Soup version 0.29.1-12-g30fa7ad0bf (webtiles) character file.

Game seed: 8519860151299520137

86 cheesebisquit the Chopper (level 4, -3/60 HPs)
             Began as a Minotaur Berserker on Dec 24, 2022.
             Was a Follower of Trog.
             Slain by an orc priest
             ... wielding a +0 trident
              (7 damage)
             ... on level 3 of the Dungeon.
             The game lasted 00:09:01 (1756 turns).

cheesebisquit the Chopper (Minotaur Berserker)      Turns: 1756, Time: 00:09:02

Health: -3/60      AC:  9    Str: 24    XL:     4   Next: 27%
Magic:  3/3        EV:  9    Int:  4    God:    Trog [*.....]
Gold:   104        SH:  0    Dex: 15    Spells: 3/3 levels left

rFire   . . .      SeeInvis .   p - +0 war axe
rCold   . . .      Faith    .   (no shield)
rNeg    . . .      Spirit   .   e - +0 chain mail
rPois   +          Reflect  .   (helmet restricted)
rElec   .          Harm     .   (no cloak)
rCorr   .          Rampage  .   (no gloves)
Will    .....                   (no boots)
Stlth   ..........              (no amulet)
HPRegen 0.20/turn               m - +6 ring of dexterity
MPRegen 0.08/turn               w - ring of poison resistance

@: berserking, very quick
A: horns 2, retaliatory headbutt
a: Renounce Religion, Berserk


You were on level 3 of the Dungeon.
You worshipped Trog.
Trog was aware of your devotion.
You visited 1 branch of the dungeon, and saw 3 of its levels.

You collected 130 gold pieces.
You spent 26 gold pieces at shops.

Inventory:

Hand Weapons
 a - a +0 hand axe
 p - a +0 war axe (weapon)
Missiles
 g - 13 stones (quivered)
 n - 12 poisoned darts
 q - 2 atropa-tipped darts
Armour
 b - a +0 animal skin
 e - a +0 chain mail (worn)
Jewellery
 l - a ring of magical power
 m - a +6 ring of dexterity (left hand)
 w - a ring of poison resistance (right hand)
Scrolls
 f - 4 scrolls of teleportation {unknown}
 i - a scroll of vulnerability {unknown}
 j - 2 scrolls of butterflies {unknown}
 k - a scroll of poison {unknown}
 o - a scroll of amnesia {unknown}
 r - a scroll of acquirement {unknown}
Potions
 c - 2 potions of berserk rage


   Skills:
 - Level 4.1 Fighting
 + Level 5.2 Axes
 - Level 3.0 Armour
 - Level 2.8 Dodging


You had 3 spell levels left.
You didn't know any spells.
Your spell library was empty.

Dungeon Overview and Level Annotations

Branches:
Dungeon (3/15)

Altars:

Shops:
D:1 [?((=


Innate Abilities, Weirdness & Mutations

You have a pair of horns on your head.
You reflexively headbutt those who attack you in melee.


Message History

You hit the orc priest.
You kill the orc priest!
Trog accepts your kill.
The orc priest hits you but does no damage.
Your Axes skill increases to level 5!
You have reached level 4!
You feel stronger.
The orc priest hits you but does no damage.
The orc priest hits you but does no damage.
The orc priest hits you but does no damage.
The orc priest hits you but does no damage.
The orc priest calls down the wrath of Beogh upon you.
Beogh smites you!
* * * LOW HITPOINT WARNING * * *
It was a potion of heal wounds.
You feel much better.
The orc priest hits you but does no damage.
It was a potion of flight.
Your roots keep you in place.
The orc priest hits you from afar with a +0 trident.
It was a potion of brilliance.
You feel clever all of a sudden. The orc priest barely misses you.
It was a potion of cancellation.
Your magical effects are unravelling.
You feel magically purged.
You feel less wooden.
Your +0 chain mail unmelds from your body.
You feel a little less clever now.
The orc priest hits you from afar with a +0 trident.
The orc priest hits you but does no damage.
Things that are here:
a +0 whip; a +0 hand axe; an orc corpse You hit the orc priest but do no damage.
The orc priest calls down the wrath of Beogh upon you.
Beogh smites you!
* * * LOW HITPOINT WARNING * * *
Okay, then.
A red film seems to cover your vision as you go berserk!
You feel yourself moving faster!
You feel mighty!
The orc priest hits you with a +0 trident!
You die...

#..................
###.######.........
#.# #......... #.#
########## #)# #.#
#.# ###.###.###
#o@=......#
#.#)####### #.#...
#.##...# #. .....
## ##...# ...# ..#


You could see an orc priest.

Vanquished Creatures
  An orc priest (D:3)
  Terence (D:2)
  3 orcs (D:3)
  2 endoplasms
  A giant cockroach (D:1)
  7 goblins
  3 hobgoblins
  3 kobolds
  A quokka (D:3)
  A ball python (D:1)
  A bat (D:2)
  A frilled lizard (D:1)
  A rat (D:3)
26 creatures vanquished.

Notes
Turn   | Place    | Note
-------+----------+-------------------------------------------
     0 | D:1      | cheesebisquit the Minotaur Berserker began the quest for
                  | the Orb.
     0 | D:1      | Reached XP level 1. HP: 19/19 MP: 0/0
    55 | D:1      | Found Mugeto Nuse's Antique Armour Emporium.
   330 | D:1      | Found Xeti's Jewellery Emporium.
   331 | D:1      | Found Farhohoson's Antique Weapon Boutique.
   381 | D:1      | Reached XP level 2. HP: 27/27 MP: 1/1
   383 | D:1      | Found a faded altar of an unknown god.
   437 | D:1      | Found Raiskoir's Magic Scroll Boutique.
   443 | D:1      | Bought a scroll of identify for 26 gold pieces
   712 | D:1      | Found Wupopla's Antique Weapon Emporium.
   915 | D:2      | Noticed Terence
   920 | D:2      | Killed Terence
   921 | D:2      | Reached skill level 4 in Axes
   921 | D:2      | Reached XP level 3. HP: 33/33 MP: 2/2
   949 | D:2      | Identified the +1 robe of the Arcadian Griffon {Rampage}
  1745 | D:3      | Reached skill level 5 in Axes
  1745 | D:3      | Reached XP level 4. HP: 11/40 MP: 3/3
  1755 | D:3      | HP: 2/40 [orc priest/divine providence (12)]
  1756 | D:3      | Slain by an orc priest

Illustrated notes

Levels and vault maps discovered:
D:1:      roderic_octagonal_star, layout_loops_ring,
          shapermc_ecumenical_altar_rom_forum, serial_shops,
          nicolae_shop_waterfront, shop,
          nicolae_shop_competitors_out_of_business, shop,
          nicolae_shop_behind_doors, minmay_misc_feat_ornament
D:2:      layout_loops_ring, mrwooster_statue_mirror, hex_tiny,
          grunt_ministairs_14, uniq_terence
D:3:      layout_basic

Skill      XL: |  1  2  3 |
---------------+----------+-----
Fighting       | 4 |  4.1
Axes           | 4 5 |  5.2
Armour         | 3 |  3.0
Dodging        | |  2.8

Action                   |  1- 3 |  4- 6 || total
-------------------------+-------+-------++-------
Melee: Hand axe          |    26 |       ||    26
       Headbutt          |    10 |       ||    10
       Punch             |     1 |       ||     1
       War axe           |    40 |     1 ||    41
Invok: Berserk           |     2 |     1 ||     3
  Use: Scroll            |     2 |       ||     2
       Potion            |     1 |     4 ||     5
Armor: Chain mail        |    29 |     1 ||    30
       Animal skin       |     1 |       ||     1
       Skin              |     4 |     5 ||     9
Dodge: Dodged            |    34 |     1 ||    35
